 Dungeon Crawl Stone Soup version 0.31-a0-806-g0bc164a743 (webtiles) character file.

Game seed: 12172296337465957924

270 quinnr the Gusty (level 6, 0/32 HPs)
             Began as a Tengu Air Elementalist on Sept 20, 2023.
             Slain by a hound (1 damage)
             ... on level 4 of the Dungeon.
             The game lasted 00:07:16 (3016 turns).

quinnr the Gusty (Tengu Air Elementalist)           Turns: 3016, Time: 00:07:16

Health: 0/32       AC:  2    Str:  8    XL:     6   Next: 22%
Magic:  10/11      EV: 13    Int: 17    God:
Gold:   142        SH:  0    Dex: 15    Spells: 6/11 levels left

rFire   . . .        (no weapon)
rCold   . . .        c - orb {light}
rNeg    . . .        a - +0 robe
rPois   .            (helmet restricted)
rElec   .            (no cloak)
rCorr   .            (no gloves)
SInv    .            (boots unavailable)
Will    .....        h - amulet of magic regeneration
Stlth   +            (no ring)
HPRegen 0.25/turn    (no ring)
MPRegen 0.52/turn

%: acrobat
@: glowing
A: beak, talons 3, acrobatic
a: no special abilities


You were on level 4 of the Dungeon.
You visited 1 branch of the dungeon, and saw 4 of its levels.

You collected 142 gold pieces.


Innate Abilities, Weirdness & Mutations

You have a beak for a mouth.
You have claws for feet.
You can magically evade attacks while moving or waiting.


   Skills:
 + Level 3.6 Dodging
 + Level 3.4 Stealth
 + Level 3.1 Spellcasting
 + Level 3.7 Conjurations
 + Level 5.3 Air Magic


You had 6 spell levels left.
You knew the following spells:

 Your Spells              Type           Power      Damage    Failure   Level
a - Airstrike             Air            10%        2d(2-18)  19%         4
z - Shock                 Conj/Air       72%        1d7       2%          1

Your spell library contained the following spells:

 Spells                   Type           Power      Damage    Failure   Level
 Static Discharge         Conj/Air       36%        2-4/arc   4%          2
 Swiftness                Air            20%        N/A       6%          3

Inventory:

Armour
 a - a +0 robe (worn)
 c - an orb of light (worn)
Jewellery
 h - an amulet of magic regeneration (around neck)
Scrolls
 e - 2 scrolls of fear {unknown}
 f - 3 scrolls of teleportation {unknown}
 g - 5 scrolls of identify {unknown}
 j - a scroll of revelation {unknown}
Potions
 b - 2 potions of magic
 d - 2 potions of degeneration {unknown}
 i - a potion of berserk rage {unknown}
 k - a potion of brilliance {unknown}

Dungeon Overview and Level Annotations

Branches:
Dungeon (4/15)
 Temple: D:4-7

Altars:

Shops:
D:3

* #...#### #......#
####......# #.......).#
#.###....[###
#.#.).....#..
#.#)#.....#..
#.#h#g......▒
#####.#@#.#####.▒
#.<...#.#..# #.▒
#######.##.####.▒▒▒▒▒..
#.##.).†#...ghg..
#.#####...#.###.# #.#
##.## # #.# #.# #.# #.#
#.#


You could see a hound.


Message History

There is a stone staircase leading down here.
The hound completely misses you. The gnoll attacks as it pursues you!
The gnoll hits you from afar with a +0 halberd!
* * * LOW HITPOINT WARNING * * *
Things that are here:
a +0 club; 4 stones The hound attacks as it pursues you!
The hound bites you but does no damage. The hound bites you.
* * * LOW HITPOINT WARNING * * *
Casting: Shock (safe; 2% risk of failure)
Confirm with . or Enter, or press ? or * to list all spells.
Aiming: Shock (safe; 2% risk of failure)
Press: ? - help, Shift-Dir - straight line The zap misses the hound.
The zap hits the gnoll.
The gnoll is heavily wounded.
The zap hits the gnoll.
You kill the gnoll!
The zap hits the hound.
The hound is almost dead.
The hound closely misses you. The hound bites you.
* * * LOW HITPOINT WARNING * * *
Unknown command.
Casting: Shock (safe; 2% risk of failure)
Confirm with . or Enter, or press ? or * to list all spells.
Aiming: Shock (safe; 2% risk of failure)
Press: ? - help, Shift-Dir - straight line The zap hits the hound but does no damage.
The hound is almost dead.
The zap misses the hound.
The hound bites you.
You die...

Skill      XL: |  1  2  3  4  5 |
---------------+----------------+-----
Conjurations   | 2 3 |  3.7
Dodging        | 3 |  3.6
Stealth        | 3 |  3.4
Air Magic      | 5 |  5.3
Spellcasting   | 3 |  3.1

Action                     |  1- 3 |  4- 6 || total
---------------------------+-------+-------++-------
  Melee: Unarmed           |     4 |     5 ||     9
         Kick              |     2 |     2 ||     4
         Peck              |       |     1 ||     1
   Cast: Shock             |    82 |    90 ||   172
 Armour: Robe              |     3 |    24 ||    27
  Dodge: Dodged            |    10 |    33 ||    43

Levels and vault maps discovered:
D:1:      ncdulo_wetmaze, layout_basic
D:2:      layout_basic
D:3:      layout_loops_cross, serial_shops, shop, kennysheep_generic_room_11,
          uniq_natasha
D:4:      layout_basic, gammafunk_temple_overflow_arena, dreamdust_gnoll_farm,
          uniq_crazy_yiuf_cottage, uniq_edmund, uniq_eustachio

Notes
Turn   | Place    | Note
-------+----------+-------------------------------------------
     0 | D:1      | quinnr the Tengu Air Elementalist began the quest for the
                  | Orb.
     0 | D:1      | Reached XP level 1. HP: 10/10 MP: 4/4
   215 | D:1      | Reached XP level 2. HP: 15/15 MP: 0/6
   612 | D:1      | Reached skill level 2 in Conjurations
   770 | D:1      | Reached XP level 3. HP: 19/19 MP: 5/7
  1624 | D:2      | Reached XP level 4. HP: 24/24 MP: 5/8
  2226 | D:3      | Reached skill level 3 in Dodging
  2288 | D:3      | Reached skill level 3 in Stealth
  2288 | D:3      | Reached skill level 3 in Conjurations
  2288 | D:3      | Reached XP level 5. HP: 17/28 MP: 8/10
  2411 | D:3      | Reached skill level 5 in Air Magic
  2634 | D:3      | Noticed Natasha
  2640 | D:3      | Killed Natasha
  2750 | D:3      | Found Luxzie's General Store.
  2863 | D:3      | Noticed Natasha
  2873 | D:3      | Killed Natasha
  2874 | D:3      | Reached skill level 3 in Spellcasting
  2960 | D:4      | Learned a level 4 spell: Airstrike
  2999 | D:4      | Reached XP level 6. HP: 30/32 MP: 9/11
  3013 | D:4      | HP: 3/32 [hound (3)]
  3015 | D:4      | HP: 1/32 [hound (2)]
  3016 | D:4      | Slain by a hound

Vanquished Creatures
  A hound (D:4)
  2 orc wizards (D:3)
  Natasha (twice) (D:3)
  5 gnolls
  2 adders (D:2)
  A worm (D:3)
  A dart slug (D:1)
  4 orcs (D:3)
  5 bats
  5 endoplasms
  3 giant cockroaches
  5 hobgoblins
  7 kobolds
  A quokka (D:2)
  2 ball pythons
  4 frilled lizards
  14 goblins
  6 rats
70 creatures vanquished.

Table legend: (Time is in decaauts)
 A = Elapsed time spent in this place.
 B = Non-inter-level travel time spent in this place.
 C = Inter-level travel time spent in this place.
 D = Time resting spent in this place.
 E = Time spent auto-exploring this place.
 F = Levels seen in this place.
 G = Mean time per level.
                   A        B        C        D        E       F      G
               +--------+--------+--------+--------+--------+-----+--------+
         Total |   3033 |   2959 |     74 |      0 |   2453 |   4 |  758.2 |
       Dungeon |   3033 |   2959 |     74 |      0 |   2453 |   4 |  758.2 |
               +--------+--------+--------+--------+--------+-----+--------+

Top non-repeatable levels by time:
     D:1: 1166 daAuts
     D:2: 976 daAuts
     D:3: 822 daAuts
     D:4: 66 daAuts

Table legend:
 A = Non-vault XP
 B = Vault XP
 C = Vault XP percentage of total XP
 D = Non-vault monster count
 E = Vault monster count
 F = Vault count percentage of total count
                 A         B        C        D         E       F
            +---------+---------+-------+---------+---------+-------
      Total |     281 |     106 |  27.4 |      66 |       4 |   5.7
            +---------+---------+-------+---------+---------+-------
        D:1 |      38 |       0 |   0.0 |      21 |       0 |   0.0
        D:2 |      95 |       0 |   0.0 |      22 |       0 |   0.0
        D:3 |     145 |      33 |  18.5 |      21 |       1 |   4.5
        D:4 |       3 |      73 |  96.1 |       2 |       3 |  60.0
            +---------+---------+-------+---------+---------+-------

Levels and vault maps discovered:
D:1:      ncdulo_wetmaze, layout_basic
D:2:      layout_basic
D:3:      layout_loops_cross, serial_shops, shop, kennysheep_generic_room_11,
          uniq_natasha
D:4:      layout_basic, gammafunk_temple_overflow_arena, dreamdust_gnoll_farm,
          uniq_crazy_yiuf_cottage, uniq_edmund, uniq_eustachio
